 Dungeon Crawl Stone Soup version 0.28.0-43-g3370ac3207 (webtiles) character file.

Game seed: 13888448978204865830

155 adizb the Sneak (level 5, -3/27 HPs)
             Began as a Vampire Brigand on Mar 4, 2022.
             Slain by a river rat (8 damage)
             ... on level 3 of the Dungeon.
             The game lasted 00:14:15 (1855 turns).

adizb the Sneak (Vampire Brigand)                   Turns: 1855, Time: 00:14:15

Health: -3/27      AC:  3    Str: 10    XL:     5   Next: 14%
Magic:  5/5        EV: 12    Int: 13    God:
Gold:   44         SH:  0    Dex: 18    Spells: 4/4 levels left

rFire   . . .      SeeInvis +   s - +1 dagger (vamp)
rCold   + + .      Faith    .   (no shield)
rNeg    + + +      Spirit   .   b - +0 robe
rPois   ∞          Reflect  .   (no helmet)
rElec   .          Harm     .   c - +0 cloak
rCorr   .          Rampage  .   (no gloves)
Will    .....                   (no boots)
Stlth   ++++++....              (no amulet)
HPRegen 0.00/turn               (no ring)
MPRegen 0.09/turn               (no ring)

@: bloodless, inhibited regen
A: bloodless, fangs 3, see invisible, vampiric 2, [frail 1]
a: Bat Form, Revivify


You were on level 3 of the Dungeon.
You visited 1 branch of the dungeon, and saw 3 of its levels.

You collected 44 gold pieces.

Inventory:

Hand Weapons
 a - a +2 dagger
 s - a +1 vampiric dagger (weapon)
Missiles
 d - 8 poisoned darts (quivered)
 e - 2 curare-tipped darts
Armour
 b - a +0 robe (worn)
 c - a +0 cloak (worn)
 o - a +0 cloak
Jewellery
 m - the amulet "Dedgh" {rN+ Regen+ Slay-6 SInv}
   (You found it on level 2 of the Dungeon)

   [amulet of regeneration]

   Slay:      It affects your accuracy & damage with ranged weapons and melee
   (-6).
   rN:        It protects you from negative energy.
   SInv:      It lets you see invisible.
   Regen:     It increases your rate of health regeneration.
Scrolls
 f - 2 scrolls of identify {unknown}
 h - 2 scrolls of fear
 j - a scroll of teleportation
 p - 2 scrolls of fog
 r - a scroll of blinking {unknown}
Potions
 g - a potion of lignification {unknown}
 i - 3 potions of cancellation {unknown}
 k - a potion of invisibility {unknown}
 l - a potion of haste {unknown}
 n - 2 potions of heal wounds {unknown}
 q - a potion of curing {unknown}


   Skills:
 + Level 2.4 Fighting
 * Level 3.7 Short Blades
 - Level 1.5 Throwing
 + Level 2.1 Dodging
 * Level 7.3 Stealth
 + Level 1.4 Unarmed Combat


You had 4 spell levels left.
You didn't know any spells.
Your spell library contained the following spells:

 Spells                   Type           Power      Damage    Failure   Level
 Sandblast                Erth           0%         2d4       30%         1


Dungeon Overview and Level Annotations

Branches:
Dungeon (3/15)

Altars:

Portals:
Sewer: D:3


Innate Abilities, Weirdness & Mutations

You do not regenerate when monsters are visible.
You are frail without blood (-20% HP).
You can heal yourself when you bite living creatures.
You are immune to poison.
You have razor-sharp teeth.
You have supernaturally acute eyesight. (SInv)
You are afflicted with vampirism and can become a bat while bloodless.
[You are frail. (-10% HP)]


Message History

You kill the ball python!
You hit the river rat but do no damage. You bite the river rat.
You draw the river rat's blood!
You feel better.
The river rat is lightly wounded.
You hit the river rat.
You feel better.
The river rat is moderately wounded.
The river rat bites you but does no damage.
You hit the river rat but do no damage.
The river rat is moderately wounded.
The river rat bites you.
You hit the river rat.
The river rat is severely wounded.
The river rat barely misses you.
You hit the river rat.
You feel better.
Your bite misses the river rat.
The river rat is almost dead.
The river rat bites you but does no damage.
You closely miss the river rat.
The river rat is almost dead.
You hit the river rat but do no damage.
The river rat is almost dead.
The river rat bites you!
* * * LOW HITPOINT WARNING * * *
You completely miss the river rat. You bite the river rat.
You kill the river rat!
You hear the rusting of a drain.
You see here a worm corpse.
A ball python comes into view.
Okay, then.
There is a stone staircase leading down here.
The river rat twitches its whiskers.
Okay, then.
You hit the river rat.
You feel better.
The river rat is moderately wounded.
You hit the river rat but do no damage.
The river rat is moderately wounded.
The river rat bites you but does no damage.
You completely miss the river rat.
The river rat is moderately wounded.
The river rat bites you!
You die...

# #.#
#...r>...#)###.#.#### #
#.#
########............###
## #.# #.#.......)....#
.####.#
#.#.###.#.##.#.#
#r....# #.#.#
#.#.##.#.# #######
#.#.###.#.##.#.###
##############
#r#...............
#............#
#r#####...........
############.# #@#
###.##.##.## # #.# #.#
#.##.##.# #.# #.#
#.##.##.# #.# #.#
)#.#.##># #.# #.. #
#..##.#
##########.##### ####.#
#..........†...# #.#
#.########.###.# ##
##.# #.# #.# #.# #..
#..#


You could see a river rat and a rat.

Vanquished Creatures
  An iguana (D:3)
  4 gnolls (D:3)
  3 adders (D:2)
  A river rat (D:3)
  3 worms
  5 ball pythons
  4 endoplasms
  A giant cockroach (D:3)
  5 goblins
  4 hobgoblins
  3 quokkas (D:1)
  7 bats
  3 frilled lizards
  4 kobolds
  4 rats
52 creatures vanquished.

Notes
Turn   | Place    | Note
-------+----------+-------------------------------------------
     0 | D:1      | adizb the Vampire Brigand began the quest for the Orb.
     0 | D:1      | Reached XP level 1. HP: 16/16 MP: 1/1
    65 | D:1      | Reached skill level 6 in Stealth
   160 | D:1      | Reached XP level 2. HP: 17/17 MP: 2/2
   503 | D:1      | Found a faded altar of an unknown god.
   530 | D:1      | Got Plato's Almanac of Stones
   734 | D:2      | Gained mutation: You are afflicted with vampirism and can
                  | become a bat while bloodless. [Vampire growth]
   734 | D:2      | Reached XP level 3. HP: 14/21 MP: 3/3
   969 | D:2      | Identified the amulet "Dedgh" {rN+ Regen+ Slay-6 SInv}
  1451 | D:2      | Reached XP level 4. HP: 23/23 MP: 4/4
  1544 | D:3      | Reached skill level 7 in Stealth
  1544 | D:3      | Reached skill level 1 in Unarmed Combat
  1743 | D:3      | Found a glowing drain.
  1759 | D:3      | Reached XP level 5. HP: 27/27 MP: 5/5
  1855 | D:3      | Slain by a river rat

Illustrated notes

Levels and vault maps discovered:
D:1:      heliophobic_arrival_dark_side_of_the_moon, layout_basic,
          shapermc_ecumenical_altar_rom_forum
D:2:      layout_basic
D:3:      layout_loops_ring, portal_sewer_entry_b

Skill      XL: |  1  2  3  4 |
---------------+-------------+-----
Stealth        | 6 7 |  7.3
Fighting       | 2 |  2.4
Short Blades   | 3 |  3.7
Unarmed Combat | 1 |  1.4
Dodging        | 2 |  2.1
Throwing       | |  1.5

Action                   |  1- 3 |  4- 6 || total
-------------------------+-------+-------++-------
Melee: Dagger            |    72 |    62 ||   134
       Bite              |     5 |     5 ||    10
       Punch             |     2 |       ||     2
 Abil: Exsanguinate      |     2 |       ||     2
       Revivify          |     1 |       ||     1
  Use: Scroll            |     3 |       ||     3
 Stab: Sleeping          |    19 |     7 ||    26
Armor: Robe              |    14 |    16 ||    30
Dodge: Dodged            |    23 |    30 ||    53
